 Dungeon Crawl Stone Soup version 0.15.0-12-gccce430 (webtiles) character file.

23991 Johnny the Conjurer (level 12, -9/90 HPs)
             Began as a Demigod Conjurer on Sept 1, 2014.
             Mangled by Maud
             ... wielding a +4 glaive
              (22 damage)
             ... on Level 6 of the Lair of Beasts.
             The game lasted 01:30:40 (27556 turns).

Johnny the Conjurer (Demigod Conjurer)             Turns: 27556, Time: 01:30:40

HP  -9/90        AC  4     Str 14      XL: 12   Next: 43%
MP   0/33        EV 15     Int 30      God:
Gold 835         SH  0     Dex 16      Spells:  8 memorised,  4 levels left

rFire  . . .     SeeInvis +     v - +3 morningstar (crush)
rCold  . . .     Clarity  .     E - -2 leather armour of Vexation {rElec Int+4 SInv}
rNeg   . . .     rCorr    .     (no shield)
rPois  .         rRot     .     (helmet restricted)
rElec  +         Spirit   +     e - +1 cloak
SustAb .         Warding  .     U - +0 pair of gloves
rMut   .         Stasis   .     (no boots)
Gourm  .                        z - amulet of guardian spirit
MR     ++...                    u - ring of wizardry
                                p - ring of protection from magic

@: very slightly contaminated, invisible, very resistant to hostile
enchantments, fairly stealthy
A: horns 1, blurry vision 1, evolution 1
a: no special abilities


You were on level 6 of the Lair of Beasts.
You were hungry.

You visited 2 branches of the dungeon, and saw 15 of its levels.

You collected 1022 gold pieces.
You spent 187 gold pieces at shops.

Inventory:

Hand weapons
 v - a +3 morningstar of crushing (weapon)
Armour
 a - a +1 pair of gloves of strength
 e - a +1 cloak (worn)
 E - the -2 leather armour of Vexation (worn) {rElec Int+4 SInv}
   (You found it on level 5 of the Dungeon)

   It affects your intelligence (+4).
   It insulates you from electricity.
   It enhances your eyesight.
 U - a +0 pair of gloves (worn)
 Z - a +2 helmet of intelligence
Magical devices
 b - a wand of slowing (10)
 s - a wand of cold (0)
 D - a wand of digging (11)
 K - a wand of fireball (2)
 P - a wand of confusion (17)
 S - a wand of draining (3)
 V - a wand of digging (7)
 W - a wand of fire (0)
 X - a wand of lightning (0)
Comestibles
 A - 3 fruits
 I - 2 bread rations
 Q - 6 meat rations
Scrolls
 d - 3 scrolls of enchant armour
 n - 5 scrolls of remove curse
 t - a scroll of fog
 w - 2 scrolls of recharging
 x - 3 scrolls of enchant weapon
 G - 2 scrolls of identify
 J - 4 scrolls of magic mapping
 N - a scroll of summoning
 R - a scroll of amnesia
Jewellery
 m - an uncursed ring of positive energy
 p - a ring of protection from magic (left hand)
 q - a +5 ring of dexterity
 u - a ring of wizardry (right hand)
 y - an uncursed ring of protection from cold
 z - an amulet of guardian spirit (around neck)
 C - an uncursed ring of fire
 H - a +4 ring of dexterity
Potions
 g - 2 potions of porridge
 h - 2 potions of brilliance
 j - a potion of berserk rage
 k - a potion of flight
 l - 2 potions of restore abilities
 r - a potion of haste
 B - a potion of agility
 L - a potion of magic
Books
 c - a book of Conjurations

   Spells                             Type                      Level
   *Magic Dart                        Conjuration                  1
   *Searing Ray                       Conjuration                  2
   *Dazzling Spray                    Conjuration/Hexes            3
   Fulminant Prism                    Conjuration/Hexes            4
   *Iskenderun's Mystic Blast         Conjuration                  4
   *Iskenderun's Battlesphere         Conjuration/Charms           5
 f - a book of Geomancy

   Spells                             Type                      Level
   Sandblast                          Earth                        1
   Stoneskin                          Transmutation/Earth          2
   Passwall                           Transmutation/Earth          3
   Stone Arrow                        Conjuration/Earth            3
   Petrify                            Transmutation/Earth          4
   Lee's Rapid Deconstruction         Earth                        5
 M - a book of Alchemy

   Spells                             Type                      Level
   Sublimation of Blood               Necromancy                   2
   Alistair's Intoxication            Transmutation/Poison         4
   *Condensation Shield               Ice                          4
   Petrify                            Transmutation/Earth          4
   Ignite Poison                      Fire/Transmutation           5
 O - a book of the Warp

   Spells                             Type                      Level
   Control Teleport                   Charms/Translocation         4
   Phase Shift                        Translocation                5
   Warp Weapon                        Charms/Translocation         5
   Dispersal                          Translocation                6
   Controlled Blink                   Translocation                7
   Disjunction                        Translocation                8
 T - a book of Ice

   Spells                             Type                      Level
   Metabolic Englaciation             Hexes/Ice                    5
   Ozocubu's Refrigeration            Ice                          6
   Bolt of Cold                       Conjuration/Ice              6
   Freezing Cloud                     Conjuration/Ice/Air          6
   Simulacrum                         Ice/Necromancy               6
 Y - a book of the Dragon

   Spells                             Type                      Level
   Flight                             Charms/Air                   3
   *Cause Fear                        Hexes                        4
   *Bolt of Fire                      Conjuration/Fire             6
   Dragon Form                        Transmutation                7
   Dragon's Call                      Summoning                    9


   Skills:
 + Level 3.6 Fighting
   Level 0.8 Short Blades
 + Level 2.6 Maces & Flails
 + Level 0.1 Throwing
 + Level 4.0 Armour
 + Level 6.6 Dodging
 + Level 4.4 Stealth
 + Level 11.0 Spellcasting
 + Level 11.3 Conjurations
 + Level 2.8 Hexes
 + Level 4.7 Charms
 + Level 1.5 Fire Magic
 + Level 2.1 Ice Magic
 + Level 1.9 Evocations


You had 4 spell levels left.
You knew the following spells:

 Your Spells              Type           Power        Failure   Level  Hunger
a - Magic Dart            Conj           ####         1%          1    None
b - Searing Ray           Conj           ######       1%          2    None
c - Dazzling Spray        Conj/Hex       ######..     1%          3    None
d - Iskenderun's Mystic   Conj           ######..     1%          4    None
e - Iskenderun's Battles  Conj/Chrm      ######..     1%          5    #......
f - Condensation Shield   Ice            ####......   7%          4    None
g - Bolt of Fire          Conj/Fire      ######....   16%         6    #####..
h - Cause Fear            Hex            ####......   4%          4    None


Dungeon Overview and Level Annotations

Branches:
Dungeon (9/15)             Temple (0/1) D:7            Lair (6/8) D:9
 Shoals (0/5) Lair:6        Snake (0/5) Lair:3
    Orc: D:9-12       Slime: Lair:6-8

Shops:
D:9 *

Annotations:
Lair:6 Maud


Innate Abilities, Weirdness & Mutations

You have a pair of small horns on your head.
Your vision is a little blurry.
You evolve.


Message History

The bolt of negative energy misses Maud.
Maud hits you from afar with a runed glaive!
* * * LOW HITPOINT WARNING * * *
Evoke which item? (* to show all) (? for menu, Esc to quit)
Zapping:
K - a wand of fireball {zapped: 2}
Press: ? - help, Shift-Dir - straight line, f/p - Maud
Aim: Maud, wielding a runed glaive and wearing a runed plate armour (almost dead, lightly drained)
The fireball explodes!
The fireball engulfs Maud.
Maud resists.
Maud is almost dead.
Maud barely misses you.
Drink which item? (? for menu, Esc to quit)
You feel better.
Maud hits you from afar with a runed glaive!
* * * LOW HITPOINT WARNING * * *
Evoke which item? (* to show all) (? for menu, Esc to quit)
Okay, then.
Drink which item? (? for menu, Esc to quit)
You fade into invisibility!
Maud hits you from afar with a runed glaive!!
You die...

# # ..#.##..## #
............ ..
...........S.. ..
................ ...
............... ....
........@...... . ....
...........#..... #...≈
#.......@..##....P #..≈≈
#................#####.≈≈
#....##..*.#......##...≈≈
....................#....≈
.....P#....#.....#.......
........#..#...........P.
........#.......P##P..P#.
...............PP#...##P
P.PPPPPPP..............


You could see Maud and a water moccasin (wandering).

Vanquished Creatures
  3 hydras
  The ghost of Patate the Fighter, an experienced MiBe of Trog (D:8)
  A catoblepas (Lair:6)
  An oklob plant (Lair:1)
  9 elephants
  A black mamba (Lair:4)
  3 spiny frogs
  A gargoyle (D:6)
  A feature mimic (Lair:6)
  A naga mage (Lair:3)
  5 komodo dragons
  3 fire drakes
  12 blink frogs
  A polar bear (Lair:5)
  A wyvern (Lair:5)
  A basilisk (Lair:2)
  The ghost of
  1010011010 the Ruinous, an average DEWz (D:5)
  9 yaks
  A steam dragon (D:9)
  5 hippogriffs
  6 water moccasins
  2 orc warriors (D:6)
  3 sky beasts
  10 porcupines
  2 ice beasts (D:8)
  A centaur (D:5)
  A phantom (D:4)
  7 ogres
  A big kobold (D:7)
  A yellow wasp (D:9)
  13 giant frogs
  9 crocodiles
  Blork the orc (D:4)
  2 cyclops skeletons (D:8)
  A yak zombie (D:7)
  4 scorpions
  5 jellies
  6 wights
  4 goliath beetles
  5 crimson imps
  8 hounds
  3 electric eels
  3 orc priests
  A centaur skeleton (D:5)
  A giant frog skeleton (D:4)
  4 orc wizards
  13 iguanas
  9 worker ants
  Ijyb (D:3)
  An ogre skeleton (D:8)
  16 sheep
  A hound skeleton (D:9)
  43 gnolls (D:4)
  17 adders
  A gnoll skeleton (D:6)
  35 green rats
  5 shadow imps
  2 worms
  3 orc skeletons
  9 giant geckos
  23 orcs
  3 ball pythons
  20 bats
  A bat skeleton (D:6)
  A bat zombie (D:7)
  14 hobgoblins
  17 jackals
  An ooze (D:5)
  9 quokkas
  11 giant cockroaches
  5 giant newts
  14 goblins
  A goblin zombie (D:5)
  26 kobolds
  A kobold skeleton (D:7)
  13 rats
  A rat zombie (D:5)
  5 ballistomycetes (D:9)
  A fungus (Lair:1)
  A plant (Lair:1)
  3 toadstools (Lair:1)
492 creatures vanquished.

Vanquished Creatures (others)
  A giant spore (D:9)
  A ballistomycete (D:9)
  A plant (Lair:5)
  11 toadstools (Lair:1)
14 creatures vanquished.

Grand Total: 506 creatures vanquished

Notes
Turn   | Place    | Note
--------------------------------------------------------------
     0 | D:1      | Johnny, the Demigod Conjurer, began the quest for the Orb.
     0 | D:1      | Reached XP level 1. HP: 14/14 MP: 3/3
   614 | D:1      | Reached XP level 2. HP: 5/20 MP: 1/4
  1236 | D:1      | Learned a level 2 spell: Searing Ray
  1783 | D:1      | Reached skill level 1 in Fighting
  1886 | D:1      | Reached XP level 3. HP: 28/28 MP: 5/7
  1938 | D:1      | Reached skill level 4 in Conjurations
  2294 | D:1      | Reached XP level 4. HP: 28/35 MP: 0/10
  3454 | D:3      | Noticed Ijyb
  3492 | D:3      | Killed Ijyb
  3784 | D:3      | Reached XP level 5. HP: 27/40 MP: 5/12
  5399 | D:4      | Found an iron altar of Okawaru.
  5404 | D:4      | Learned a level 3 spell: Dazzling Spray
  5456 | D:4      | Noticed an ogre
  5462 | D:4      | Killed an ogre
  5925 | D:4      | Reached XP level 6. HP: 48/48 MP: 6/15
  6974 | D:4      | Noticed an ogre
  7466 | D:4      | Killed an ogre
  7466 | D:4      | Reached skill level 5 in Conjurations
  7466 | D:4      | Reached XP level 7. HP: 49/56 MP: 1/18
  7918 | D:4      | Reached skill level 1 in Maces & Flails
  8193 | D:4      | Noticed Blork the orc
  8200 | D:4      | Killed Blork the orc
  8444 | D:4      | Noticed a phantom
  8460 | D:4      | Killed a phantom
  8634 | D:4      | Noticed an ogre
  8644 | D:4      | Killed an ogre
  8880 | D:4      | Reached skill level 5 in Dodging
  8880 | D:4      | Reached XP level 8. HP: 19/62 MP: 9/21
  9288 | D:5      | Entered Level 5 of the Dungeon
  9294 | D:5      | Learned a level 4 spell: Iskenderun's Mystic Blast
  9300 | D:5      | Learned a level 5 spell: Iskenderun's Battlesphere
  9306 | D:5      | Reached skill level 1 in Hexes
  9454 | D:5      | Reached skill level 6 in Conjurations
  9830 | D:5      | Noticed 1010011010's ghost (average DEWz)
  9838 | D:5      | Killed 1010011010's ghost
 10125 | D:5      | Got a pitted leather armour
 10508 | D:6      | Reached skill level 1 in Charms
 10674 | D:6      | Reached skill level 5 in Spellcasting
 10708 | D:6      | Identified the cursed -2 leather armour of Vexation {rElec Int+4 SInv} (You found it on level 5 of the Dungeon)
 11017 | D:6      | Noticed a gargoyle
 11052 | D:6      | HP: 3/63 [poison (a potion of poison)]
 11058 | D:6      | HP: 3/63 [poison (a potion of poison)]
 11064 | D:6      | HP: 3/63 [poison (a potion of poison)]
 11291 | D:5      | Reached skill level 1 in Armour
 11340 | D:5      | Identified a scroll of acquirement
 11441 | D:6      | Reached XP level 9. HP: 66/69 MP: 18/24
 11515 | D:6      | Reached skill level 7 in Conjurations
 12156 | D:6      | Killed a gargoyle
 14818 | D:7      | Found a staircase to the Ecumenical Temple.
 15343 | D:8      | Found a snail-covered altar of Cheibriados.
 15346 | D:8      | Found a shattered altar of Ashenzari.
 15346 | D:8      | Found a sparkling altar of Nemelex Xobeh.
 15438 | D:8      | Noticed Patate's ghost (experienced MiBe)
 15451 | D:8      | Killed Patate's ghost
 15451 | D:8      | Reached skill level 8 in Conjurations
 15451 | D:8      | Reached XP level 10. HP: 25/77 MP: 1/27
 17608 | D:9      | Gained mutation: You evolve. [potion of beneficial mutation]
 17692 | D:9      | Found a deep blue altar of Sif Muna.
 17845 | D:9      | Learned a level 4 spell: Condensation Shield
 18498 | D:9      | Gained mutation: Your vision is a little blurry. [evolution]
 18525 | D:9      | Found Vuiffink's Assorted Antiques.
 18528 | D:9      | Bought a scroll of identify for 50 gold pieces
 18528 | D:9      | Bought a scroll of amnesia for 87 gold pieces
 18528 | D:9      | Bought a scroll of identify for 50 gold pieces
 18813 | D:9      | Reached skill level 1 in Ice Magic
 19021 | D:9      | Found a staircase to the Lair.
 19264 | Lair:1   | Entered Level 1 of the Lair of Beasts
 19652 | Lair:1   | Found a blossoming altar of Fedhas.
 19666 | Lair:1   | Noticed an oklob plant
 19700 | Lair:1   | Killed an oklob plant
 19989 | Lair:1   | Reached skill level 9 in Conjurations
 19994 | Lair:1   | Identified a -1 rod of inaccuracy (14/14) (You found it on level 1 of the Lair of Beasts)
 20538 | Lair:2   | Reached XP level 11. HP: 82/82 MP: 25/30
 20734 | Lair:2   | Reached skill level 1 in Evocations
 20880 | Lair:2   | Noticed a six-headed hydra
 20887 | Lair:2   | Killed a six-headed hydra
 21207 | Lair:3   | Noticed a seven-headed hydra
 21213 | Lair:3   | Killed a seven-headed hydra
 21213 | Lair:3   | Reached skill level 10 in Conjurations
 21433 | Lair:3   | Gained mutation: You have a pair of small horns on your head. [evolution]
 21583 | Lair:3   | Found a staircase to the Snake Pit.
 21844 | Lair:3   | Noticed an eight-headed hydra
 21850 | Lair:3   | Killed an eight-headed hydra
 22711 | Lair:4   | Reached skill level 10 in Spellcasting
 23327 | Lair:4   | Learned a level 6 spell: Bolt of Fire
 23332 | Lair:4   | Learned a level 4 spell: Cause Fear
 24454 | Lair:5   | Reached XP level 12. HP: 51/89 MP: 3/32
 25242 | Lair:5   | Reached skill level 1 in Fire Magic
 25431 | Lair:5   | Reached skill level 11 in Conjurations
 26621 | Lair:6   | HP: 1/89 [blink frog (13)]
 26902 | Lair:6   | Found a staircase to the Shoals.
 27536 | Lair:6   | Noticed Maud
 27556 | Lair:6   | Mangled by Maud

Action                   |  1- 3 |  4- 6 |  7- 9 | 10-12 || total
-------------------------+-------+-------+-------+-------++-------
Melee: Unarmed           |    32 |       |       |       ||    32
       Short sword       |    33 |       |       |       ||    33
       Dagger            |    46 |    78 |       |       ||   124
       Morningstar       |       |    31 |    40 |    49 ||   120
       Long sword        |       |    20 |       |       ||    20
Throw: Tomahawk          |       |     1 |     1 |     2 ||     4
 Cast: Magic Dart        |    50 |    94 |   333 |   415 ||   892
       Searing Ray       |     1 |    32 |    31 |    17 ||    81
       Dazzling Spray    |       |     8 |    14 |    11 ||    33
       Iskenderun's Batt |       |       |    33 |    73 ||   106
       Iskenderun's Myst |       |       |    17 |    55 ||    72
       Condensation Shie |       |       |       |    10 ||    10
       Bolt of Fire      |       |       |       |    13 ||    13
       Cause Fear        |       |       |       |     6 ||     6
Evoke: Wand              |       |       |     3 |    40 ||    43
  Use: Scroll            |     3 |     9 |    12 |    18 ||    42
       Potion            |       |     8 |     6 |     8 ||    22
 Stab: Sleeping          |       |     3 |       |       ||     3
  Eat: Bread ration      |     1 |     4 |     3 |     2 ||    10
       Chunk             |       |     1 |       |    15 ||    16
       Beef jerky        |       |     1 |     2 |     2 ||     5
       Royal jelly       |       |       |     2 |     1 ||     3
       Fruit             |       |       |     2 |    17 ||    19
       Pizza             |       |       |     1 |       ||     1
       Meat ration       |       |       |     2 |     1 ||     3
